 Dungeon Crawl Stone Soup version 0.30-a0-1074-g5db6f66fbb (webtiles) character file.

Game seed: 8993493843948310752

1005 Arzdou the Cudgeller (level 8, 0/48 HPs)
             Began as a Gargoyle Fighter on Apr 13, 2023.
             Slain by a two-headed ogre
             ... wielding a +0 giant club
              (22 damage)
             ... on level 6 of the Dungeon.
             The game lasted 00:07:19 (4309 turns).

Arzdou the Cudgeller (Gargoyle Fighter)             Turns: 4309, Time: 00:07:19

Health: 0/48       AC: 14    Str: 22    XL:     8   Next: 20%
Magic:  8/8        EV: 10    Int:  9    God:
Gold:   371        SH:  5    Dex: 15    Spells: 7/7 levels left

rFire   + . .      SeeInvis +    p - +4 whip (elec)
rCold   . . .      Faith    .    c - +0 buckler
rNeg    + . .      Spirit   .    b - +0 scale mail
rPois   ∞          Reflect  .    n - +0 helmet
rElec   +          Rampage  .    (no cloak)
rCorr   +                        (no gloves)
Will    .....                    (no boots) Stlth
                                 (no amulet)
HPRegen 0.28/turn                l - +6 ring of dexterity
MPRegen 0.11/turn                e - ring of Ciufad {rF+ rCorr SInv}

@: mighty
A: sickness immunity, AC +5, negative energy resistance 1, electricity
resistance, torment resistance 1, petrification resistance
a: no special abilities


You were on level 6 of the Dungeon.
You visited 1 branch of the dungeon, and saw 6 of its levels.

You collected 371 gold pieces.

Inventory:

Hand Weapons
 a - a +0 flail
 p - a +4 whip of electrocution (weapon)
Armour
 b - a +0 scale mail (worn)
 c - a +0 buckler (worn)
 n - a +0 helmet (worn)
Jewellery
 e - the ring of Ciufad (right hand) {rF+ rCorr SInv}
   (You acquired it on level 5 of the Dungeon)

   [ring of protection from fire]

   rF:        It protects you from fire.
   SInv:      It lets you see invisible.
   rCorr:     It protects you from acid and corrosion.
 k - a ring of see invisible
 l - a +6 ring of dexterity (left hand)
 u - a +6 ring of intelligence
 x - a ring of protection from cold
Scrolls
 f - a scroll of enchant weapon
 j - 3 scrolls of enchant armour {unknown}
 m - a scroll of teleportation
 r - a scroll of vulnerability {unknown}
 v - a scroll of poison
 w - a scroll of identify
Potions
 g - a potion of ambrosia {unknown}
 h - a potion of flight {unknown}
 i - 2 potions of curing
 o - a potion of berserk rage {unknown}
 q - a potion of degeneration {unknown}
 s - a potion of brilliance
 t - a potion of lignification {unknown}


   Skills:
 + Level 4.6 Fighting
 * Level 7.2 Maces & Flails
 + Level 5.2 Armour
 + Level 1.6 Dodging
 + Level 0.7 Stealth
 + Level 4.4 Shields


You had 7 spell levels left.
You didn't know any spells.
Your spell library contained the following spells:

 Spells                   Type           Power      Damage    Failure   Level
 Freeze                   Ice            0%         1d3       78%         1
 Kiss of Death            Conj/Necr      0%         2d5       78%         1
 Lesser Beckoning         Tloc           0%         N/A       89%         2
 Confusing Touch          Hex            0%         N/A       98%         3
 Frozen Ramparts          Ice            0%         1d1       98%         3
 Gell's Gravitas          Tloc           0%         N/A       98%         3
 Hailstorm                Conj/Ice       0%         3d3       98%         3
 Summon Guardian Golem    Hex/Summ       0%         N/A       98%         3
 Teleport Other           Tloc           0%         N/A       98%         3
 Dispel Undead            Necr           0%         3d6       100%        4
 Orb of Destruction       Conj           0%         9d5       100%        7
 Spellforged Servitor     Conj/Summ      0%         N/A       100%        7


Dungeon Overview and Level Annotations

Branches:
Dungeon (6/15)             Temple (0/1) D:6

Altars:
Hepliaklqana
Kikubaaqudgha
Nemelex Xobeh
Sif Muna
Trog
Uskayaw
Xom

Shops:
D:3 =   D:6 ?


Innate Abilities, Weirdness & Mutations

You are immune to sickness and miasma.
Your stone body is resilient. (AC +5)
You are immune to poison.
You resist negative energy. (rN+)
You are resistant to electric shocks. (rElec)
You are resistant to unholy torment.
You are immune to petrification.


Message History

The ogre misses you.
You whack the ogre!
You kill the ogre!
Things that are here:
a +0 giant club; an ogre corpse
Found a ring mail.
You see here a +0 ring mail.
Found 6 stones.
Found 4 stones.
Found a stone staircase leading up.
x - a ring of protection from cold
Found a scale mail.
No target in view!
Found an escape hatch in the floor.
Found a staircase to the Ecumenical Temple.
You now have 371 gold pieces (gained 5).
A two-headed ogre comes into view. It is wielding two +0 giant clubs.
Okay, then.
You feel very mighty all of a sudden.
You whack the two-headed ogre!
Lightning courses through the two-headed ogre!
The two-headed ogre is moderately wounded.
The two-headed ogre hits you but does no damage.
The two-headed ogre hits you with a +0 giant club!
You barely miss the two-headed ogre.
The two-headed ogre is moderately wounded.
You whack the two-headed ogre!
The two-headed ogre is heavily wounded.
The two-headed ogre hits you with a +0 giant club!!
The two-headed ogre hits you but does no damage.
You closely miss the two-headed ogre.
The two-headed ogre is heavily wounded.
The two-headed ogre closely misses you. You block the two-headed ogre's attack.
You barely miss the two-headed ogre.
The two-headed ogre is heavily wounded.
You whack the two-headed ogre!
The two-headed ogre is severely wounded.
The two-headed ogre completely misses you.
The two-headed ogre hits you with a +0 giant club!!
You die...

#....... .# #.>.⌠8.#
##### .###
#......##..... ..#
#...⌠8....># #.####
#.........## #.#...
#.##.......#.# #.....
##.###......#.# #.#..<
#......O....#.#####.####
#..####@#.....#.....# #
####.##...##.###.#
#......[...#.###.#
#.##.............# ## #
#.#.....#.##### #.
...##...##.# #.
#.######.###.# #. ..
#.....# #. ##
#############.


You could see a two-headed ogre.

Vanquished Creatures
  Menkaure (D:4)
  Duvessa (D:4)
  An ogre (D:6)
  2 phantoms
  2 scorpions
  A jelly (D:5)
  Dowan (D:4)
  2 hounds
  A gnoll bouda (D:5)
  An iguana (D:5)
  3 gnolls (D:5)
  11 adders
  A white imp (D:6)
  An ufetubus (D:5)
  2 worms (D:5)
  2 dart slugs
  An orc (D:3)
  8 endoplasms
  7 giant cockroaches
  5 goblins
  4 hobgoblins
  11 jackals
  2 quokkas
  7 ball pythons
  6 bats
  3 frilled lizards (D:2)
  6 kobolds
  8 rats
101 creatures vanquished.

Vanquished Creatures (others)
  A withered plant (D:3)
1 creature vanquished.

Grand Total: 102 creatures vanquished

Notes
Turn   | Place    | Note
-------+----------+-------------------------------------------
     0 | D:1      | Arzdou the Gargoyle Fighter began the quest for the Orb.
     0 | D:1      | Reached XP level 1. HP: 14/14 MP: 1/1
   365 | D:1      | Reached XP level 2. HP: 19/19 MP: 2/2
   612 | D:1      | Reached XP level 3. HP: 7/24 MP: 3/3
  1179 | D:2      | Found a hazy altar of Hepliaklqana.
  1207 | D:2      | Reached XP level 4. HP: 29/29 MP: 4/4
  1418 | D:2      | Reached skill level 3 in Maces & Flails
  1974 | D:3      | Found Sujutui's Jewellery Emporium.
  2048 | D:3      | Found an ancient bone altar of Kikubaaqudgha.
  2505 | D:3      | Reached XP level 5. HP: 33/33 MP: 5/5
  2837 | D:4      | Noticed Menkaure
  2844 | D:4      | Reached skill level 4 in Maces & Flails
  2847 | D:4      | Killed Menkaure
  2848 | D:4      | Reached XP level 6. HP: 5/38 MP: 6/6
  2976 | D:4      | Noticed Duvessa
  3002 | D:4      | Killed Duvessa
  3003 | D:4      | Reached skill level 5 in Maces & Flails
  3003 | D:4      | Reached skill level 1 in Dodging
  3024 | D:4      | Noticed Dowan
  3027 | D:4      | Killed Dowan
  3028 | D:4      | Reached XP level 7. HP: 43/43 MP: 7/7
  3380 | D:5      | Entered Level 5 of the Dungeon
  3384 | D:5      | Identified a scroll of acquirement
  3384 | D:5      | Acquired the ring of Ciufad {rF+ rCorr SInv}
  3435 | D:5      | Found a sparkling altar of Nemelex Xobeh.
  3490 | D:5      | Reached skill level 6 in Maces & Flails
  3553 | D:5      | Noticed a moth of wrath
  3557 | D:5      | Found a bloodstained altar of Trog.
  3818 | D:5      | Reached skill level 5 in Armour
  3851 | D:5      | Found a shimmering blue altar of Sif Muna.
  3860 | D:5      | Reached XP level 8. HP: 43/48 MP: 8/8
  4053 | D:6      | Reached skill level 7 in Maces & Flails
  4080 | D:6      | Found a hide-covered altar of Uskayaw.
  4094 | D:6      | Found a shimmering altar of Xom.
  4178 | D:6      | Found Paseonae's Magic Scroll Boutique.
  4288 | D:6      | Found a staircase to the Ecumenical Temple.
  4294 | D:6      | Noticed a two-headed ogre
  4309 | D:6      | Slain by a two-headed ogre

Illustrated notes

Levels and vault maps discovered:
D:1:      dpeg_arrival_boxes_within_box, layout_basic, roderic_roman_lattice
D:2:      layout_loops_ring, basic_altar
D:3:      layout_loops_ring, kiku_gazebo_garden_becter, serial_shops, shop,
          chequers_decorated_corner, grunt_decor_mini_mirrors
D:4:      layout_gridville, st_stairs_7, uniq_duvessa, uniq_menkaure
D:5:      layout_basic, lemuel_crystal_altar, tgw_trog, general_overflow_altar,
          uniq_grinder
D:6:      layout_loops_cross, mainiacjoe_overflow_concentric_impassable,
          mainiacjoe_overflow_six_doors_small,
          minmay_temple_entry_drinking_statues, serial_shops,
          nicolae_shop_waterfront

Skill      XL: |  1  2  3  4  5  6  7  8 |
---------------+-------------------------+-----
Shields        | 4 |  4.4
Maces & Flails | 3 4 5 6 7 |  7.2
Fighting       | 4 |  4.6
Armour         | 4 5 |  5.2
Dodging        | 1 |  1.6
Stealth        | |  0.7

Action                     |  1- 3 |  4- 6 |  7- 9 || total
---------------------------+-------+-------+-------++-------
  Melee: Flail             |   118 |    79 |       ||   197
         Whip              |       |    32 |   131 ||   163
    Use: Potion            |       |     1 |     1 ||     2
         Scroll            |       |       |     8 ||     8
 Armour: Scale mail        |    74 |    41 |    34 ||   149
  Dodge: Dodged            |    51 |    48 |    41 ||   140
  Block: Buckler           |    33 |    15 |    24 ||    72

Table legend: (Time is in decaauts)
 A = Elapsed time spent in this place.
 B = Non-inter-level travel time spent in this place.
 C = Inter-level travel time spent in this place.
 D = Time resting spent in this place.
 E = Time spent auto-exploring this place.
 F = Levels seen in this place.
 G = Mean time per level.
                   A        B        C        D        E       F      G
               +--------+--------+--------+--------+--------+-----+--------+
         Total |   4347 |   4092 |    255 |      0 |   3243 |   6 |  724.5 |
       Dungeon |   4347 |   4092 |    255 |      0 |   3243 |   6 |  724.5 |
               +--------+--------+--------+--------+--------+-----+--------+

Top non-repeatable levels by time:
     D:1: 1114 daAuts
     D:2: 901 daAuts
     D:4: 726 daAuts
     D:3: 707 daAuts
     D:5: 467 daAuts
     D:6: 429 daAuts
